 Dungeon Crawl Stone Soup version 0.27-a0-279-gdfb9265905 (webtiles) character file.

Game seed: 10683114377239140076

11381 mandarbmax the Fighter (level 11, -6/127 HPs)
             Began as an Ogre Fighter on Feb 7, 2021.
             Was a High Priest of Okawaru.
             Mangled by an 11-headed hydra (17 damage)
             ... on level 1 of the Lair of Beasts.
             The game lasted 00:38:22 (19104 turns).

mandarbmax the Fighter (Ogre Fighter)              Turns: 19104, Time: 00:38:23

Health: -6/127     AC:  6    Str: 28    XL:     11   Next: 76%
Magic:  14/14      EV: 11    Int:  9    God:    Okawaru [*****.]
Gold:   1283       SH: 15    Dex: 11    Spells: 10/10 levels left

rFire    . . .     SeeInvis .   a - +6 war axe
rCold    . . .     Faith    .   c - +5 kite shield
rNeg     . . .     Spirit   .   b - +0 robe
rPois    .         Reflect  .   (helmet restricted)
rElec    .         Harm     .   j - +2 cloak
rCorr    .         Rampage  .   (gloves unavailable)
Will     +....                  (boots unavailable)
Stlth    +.........             (no amulet)
HPRegen  0.31/turn              I - +4 ring of slaying
MPRegen  0.14/turn              y - +6 ring of strength

@: no status effects
A: large, unfitting armour, tough skin 1
a: Renounce Religion, Heroism, Finesse


You were on level 1 of the Lair of Beasts.
You worshipped Okawaru.
Okawaru was extremely pleased with you.
You visited 3 branches of the dungeon, and saw 14 of its levels.

You collected 1283 gold pieces.

Inventory:

Hand Weapons
 a - a +6 war axe (weapon)
Missiles
 e - 42 poisoned darts (quivered)
 B - 12 boomerangs
 C - 3 large rocks
 F - 2 silver javelins
Armour
 b - a +0 robe (worn)
 c - a +5 kite shield (worn)
 j - a +2 cloak (worn)
Jewellery
 d - an uncursed ring of ice
 y - a +6 ring of strength (right hand)
 I - a +4 ring of slaying (left hand)
 K - an uncursed ring of flight
Wands
 f - a wand of random effects (39)
 i - a wand of flame (28)
 v - a wand of paralysis (7)
 E - a wand of polymorph (7)
 H - a wand of charming (4)
Scrolls
 k - a scroll of amnesia
 l - 8 scrolls of remove curse
 m - 5 scrolls of fog
 n - 9 scrolls of teleportation
 o - 3 scrolls of immolation
 s - 2 scrolls of magic mapping
 t - a scroll of identify
 z - a scroll of enchant armour
Potions
 g - 5 potions of curing
 h - 2 potions of resistance
 p - 2 potions of heal wounds
 q - a potion of cancellation
 r - 2 potions of brilliance
 w - a potion of magic
 x - 3 potions of flight
 A - 3 potions of haste
 D - 2 potions of might
 L - a potion of lignification


   Skills:
 + Level 13.4 Fighting
 + Level 10.1 Axes
 - Level 7.1 Throwing
 + Level 6.0 Dodging
 + Level 6.0 Shields
 - Level 4.0 Invocations


You had 10 spell levels left.
You didn't know any spells.
Your spell library contained the following spells:

 Spells                   Type           Power        Failure   Level
 Animate Skeleton         Necr           0%           58%         1
 Apportation              Tloc           0%           58%         1
 Corona                   Hex            0%           58%         1
 Freeze                   Ice            0%           58%         1
 Summon Small Mammal      Summ           0%           58%         1
 Frozen Ramparts          Ice            0%           92%         3
 Ozocubu's Armour         Ice            0%           92%         3
 Hailstorm                Conj/Ice       0%           100%        4
 Summon Ice Beast         Ice/Summ       0%           100%        4


Dungeon Overview and Level Annotations

Branches:
Dungeon (12/15)            Temple (1/1) D:6            Lair (1/6) D:9
    Orc (0/2) D:9

Altars:
Ashenzari
Cheibriados
Dithmenos
Elyvilon
Fedhas
Gozag
Hepliaklqana
Kikubaaqudgha
Makhleb
Nemelex Xobeh
Okawaru
Qazlal
Ru
Sif Muna
Trog
Uskayaw
Vehumet
Wu Jian
Xom
Yredelemnul
Zin
The Shining One

Portals:
Trove: D:10 (give +5 demon trident)


Innate Abilities, Weirdness & Mutations

You are too large for most types of armour.
You have tough skin. (AC +1)


Message History

You block the ten-headed hydra's attack.
The ten-headed hydra bites you.
You block the ten-headed hydra's attack. x2
The ten-headed hydra bites you.
The ten-headed hydra closely misses you.
You block the ten-headed hydra's attack.
The ten-headed hydra bites you! The wolf closely misses you.
You lop one of the ten-headed hydra's heads off!
The nine-headed hydra grows two more!
You slash the 11-headed hydra!
The 11-headed hydra is heavily wounded.
You slash the wolf! The wolf bites you. The 11-headed hydra bites you! x2
* * * LOW HITPOINT WARNING * * *
You block the 11-headed hydra's attack. The 11-headed hydra bites you!
* * * LOW HITPOINT WARNING * * *
The 11-headed hydra bites you!
* * * LOW HITPOINT WARNING * * *
You block the 11-headed hydra's attack. x2
The 11-headed hydra bites you but does no damage.
The 11-headed hydra bites you!
You die...

#.. #...## #..##
###....## # #...#
##.......###
#...#####.#.........
###...!#.##..........#
#...........P..###...#
#..?....P.P#### #...#
##.....###### ##...#
#....@## #.....
#.....hD# #.....
........# ##.....
.......## #......
.....#. #..###.
.#....# ###..# #. ...#
# . #....#### ...
..##.#...###
#....#.##..


You could see a 11-headed hydra and a wolf.

Vanquished Creatures
  A hydra (D:7)
  A boulder beetle (D:11)
  3 ugly things
  A manticore (D:7)
  A cyclops (D:7)
  Joseph (D:7)
  A cane toad (Lair:1)
  A komodo dragon (D:9)
  Prince Ribbit (D:6)
  Sigmund (D:6)
  A shadow (D:7)
  A wyvern (D:12)
  Grum (D:11)
  2 yaks (D:9)
  A steam dragon (D:7)
  5 water moccasins
  A swamp drake (D:9)
  3 sky beasts
  4 orc warriors
  An eye of draining (D:10)
  2 black bears
  An ice beast (D:8)
  A necrophage (D:7)
  6 ogres
  6 wolves
  5 centaurs
  3 phantoms
  2 big kobolds
  5 bullfrogs
  2 scorpions
  14 killer bees
  2 howler monkeys (D:4)
  3 bullfrog zombies
  A centaur zombie (D:5)
  4 orc priests
  3 jellies
  5 hounds
  A centaur skeleton (D:4)
  3 iguanas
  12 orc wizards
  8 worker ants
  A killer bee zombie (D:6)
  A hound zombie (D:10)
  3 hound skeletons
  4 gnolls (D:7)
  7 adders
  A shadow imp (D:8)
  3 white imps
  3 ufetubi
  5 adder zombies
  A worm (D:3)
  5 leopard geckos
  52 orcs
  5 bats
  8 giant cockroaches
  7 hobgoblins
  7 jackals
  8 quokkas
  2 ball pythons (D:3)
  3 frilled lizards
  8 goblins
  8 kobolds
  A quokka skeleton (D:4)
  5 rats
269 creatures vanquished.

Vanquished Creatures (others)
  33 fungi (D:9)
  39 plants (D:9)
72 creatures vanquished.

Grand Total: 341 creatures vanquished

Notes
Turn   | Place    | Note
-------+----------+-------------------------------------------
     0 | D:1      | mandarbmax the Ogre Fighter began the quest for the Orb.
     0 | D:1      | Reached XP level 1. HP: 24/24 MP: 1/1
   251 | D:1      | Reached XP level 2. HP: 32/32 MP: 2/2
  1446 | D:2      | Reached XP level 3. HP: 37/41 MP: 3/3
  1874 | D:2      | Reached skill level 5 in Fighting
  2969 | D:3      | Found a glowing golden altar of the Shining One.
  3126 | D:3      | Reached XP level 4. HP: 48/50 MP: 4/4
  3231 | D:3      | Reached skill level 1 in Throwing
  3831 | D:3      | Reached XP level 5. HP: 27/59 MP: 5/5
  3835 | D:3      | Reached skill level 6 in Fighting
  4974 | D:4      | Reached XP level 6. HP: 63/68 MP: 6/6
  5716 | D:5      | Entered Level 5 of the Dungeon
  5945 | D:5      | Reached skill level 7 in Fighting
  5959 | D:5      | Reached XP level 7. HP: 56/78 MP: 7/7
  6723 | D:4      | Found a glowing silver altar of Zin.
  7201 | D:6      | Found a staircase to the Ecumenical Temple.
  7248 | Temple   | Entered the Ecumenical Temple
  7317 | Temple   | Became a worshipper of Warmaster Okawaru
  7524 | D:6      | Reached skill level 8 in Fighting
  7524 | D:6      | Reached skill level 5 in Axes
  7784 | D:6      | Reached XP level 8. HP: 88/88 MP: 8/8
  8127 | D:6      | Noticed Sigmund
  8134 | D:6      | Reached skill level 5 in Throwing
  8141 | D:6      | Killed Sigmund
  8141 | D:6      | Reached * piety under Okawaru
  8142 | D:6      | Reached skill level 9 in Fighting
  8164 | D:6      | HP: 4/92 [jackal (2)]
  8951 | D:6      | Noticed Prince Ribbit
  8989 | D:6      | Killed Prince Ribbit
  8990 | D:6      | Reached XP level 9. HP: 85/100 MP: 9/9
  9102 | D:7      | Noticed Joseph
  9114 | D:7      | Killed Joseph
  9115 | D:7      | Reached skill level 10 in Fighting
  9876 | D:7      | Reached ** piety under Okawaru
 10861 | D:7      | Reached skill level 1 in Invocations
 11097 | D:7      | Reached skill level 11 in Fighting
 11324 | D:7      | Found a burning altar of Makhleb.
 11415 | D:7      | Found a shimmering altar of Xom.
 11440 | D:7      | Found a shimmering altar of Xom.
 11441 | D:7      | Found a shimmering altar of Xom.
 11441 | D:7      | Found a shimmering altar of Xom.
 11809 | D:8      | Reached XP level 10. HP: 94/114 MP: 10/12
 13305 | D:7      | Noticed a cyclops
 13317 | D:7      | Killed a cyclops
 13521 | D:7      | Reached *** piety under Okawaru
 13541 | D:7      | Noticed a four-headed hydra
 13545 | D:7      | Noticed a manticore
 13555 | D:7      | Killed a six-headed hydra
 13556 | D:7      | Reached skill level 12 in Fighting
 13938 | D:7      | Noticed a purple ugly thing
 13949 | D:7      | Reached **** piety under Okawaru
 13952 | D:7      | Killed a purple ugly thing
 14152 | D:7      | Killed a manticore
 14441 | D:9      | Reached XP level 11. HP: 35/124 MP: 14/14
 15061 | D:9      | Found a staircase to the Lair.
 15482 | D:9      | Found a staircase to the Orcish Mines.
 15505 | D:9      | Reached skill level 5 in Shields
 15508 | D:9      | Reached skill level 5 in Dodging
 15716 | D:9      | Reached ***** piety under Okawaru
 16613 | D:10     | Entered Level 10 of the Dungeon
 16940 | D:10     | Found a shimmering blue altar of Sif Muna.
 17271 | D:10     | Found a portal to a secret trove of treasure.
 17482 | D:11     | Noticed a white ugly thing
 17490 | D:11     | Killed a white ugly thing
 17490 | D:11     | Received a gift from Okawaru
 17491 | D:11     | Reached skill level 13 in Fighting
 17728 | D:11     | Noticed a boulder beetle
 17752 | D:11     | Killed a boulder beetle
 18071 | D:11     | Noticed Grum
 18089 | D:11     | Killed Grum
 18304 | D:11     | Reached skill level 10 in Axes
 18386 | D:11     | Noticed a red ugly thing
 18397 | D:11     | Killed a red ugly thing
 18841 | Lair:1   | Entered Level 1 of the Lair of Beasts
 19095 | Lair:1   | Noticed an eight-headed hydra
 19102 | Lair:1   | Received a gift from Okawaru
 19104 | Lair:1   | Mangled by an 11-headed hydra

Illustrated notes

Levels and vault maps discovered:
D:1:      dpeg_arrival_three_bigger_balls, layout_basic
D:2:      layout_loops_cross, serial_co_window_serial, co_window_paths_b,
          co_window_of_opportunity_a, co_window_paths_b, co_window_paths_b,
          co_window_paths_a, co_window_of_opportunity_a, co_window_corner_a,
          co_window_corner_ca, co_window_corner_ca, co_window_broadway_c,
          co_window_4corner_b, co_window_paths_d
D:3:      layout_basic, amcnicky_altar_gilded
D:4:      lemuel_upstairs_altar, layout_basic, amcnicky_mini_corridor_feature,
          chequers_garden
D:5:      layout_basic
D:6:      layout_rooms, temple_green, amcnicky_mini_rare_corridor_liquid,
          uniq_sigmund, uniq_prince_ribbit1
D:7:      minmay_klotski, layout_basic, xom_shifter_show,
          makhleb_blood_cavern_becter, uniq_joseph
D:8:      layout_cave_pools, serial_rivers, chequers_serial_rivers_room_b,
          chequers_serial_rivers_room_a, chequers_serial_rivers_micro_b,
          chequers_serial_rivers_marsh, chequers_serial_rivers_large_b
D:9:      layout_irregular_city, due_lair_maze_entry_diamond, erik_orc_1
D:10:     layout_roguey, nicolae_trove_entry_diagonal, basic_altar, st_stairs_7
D:11:     layout_layer_cave, kennysheep_generic_room_12, uniq_grum
D:12:     layout_layer_cave
Temple:   kilobyte_greek_temple
Lair:1:   layout_layer_cave, grunt_megastairs_5

Skill      XL: |  1  2  3  4  5  6  7  8  9 10 11 |
---------------+----------------------------------+-----
Dodging        | 3 4 6 |  6.0
Shields        | 3 4 6 |  6.0
Fighting       | 5 6 7 8 9 11 12 13 | 13.4
Throwing       | 1 2 3 4 6 7 |  7.1
Axes           | 3 4 5 6 7 9 10 | 10.1
Invocations    | 2 4 |  4.0

Action                   |  1- 3 |  4- 6 |  7- 9 | 10-12 || total
-------------------------+-------+-------+-------+-------++-------
Melee: War axe           |   107 |   110 |   241 |   370 ||   828
Throw: Dart              |    14 |    14 |    28 |    38 ||    94
       Large rock        |       |       |       |     3 ||     3
       Throwing net      |       |       |       |     1 ||     1
Invok: Heroism           |       |       |     3 |     5 ||     8
  Use: Potion            |       |     5 |     6 |     3 ||    14
       Scroll            |       |    13 |     6 |    11 ||    30
 Stab: Sleeping          |       |     1 |       |     1 ||     2
       Invisible         |       |       |     1 |       ||     1
Armor: Robe              |    18 |    18 |    41 |    51 ||   128
       Skin              |       |       |     8 |       ||     8
Dodge: Dodged            |    32 |    45 |    87 |   130 ||   294
Block: Kite shield       |    53 |    56 |   158 |   297 ||   564

Table legend: (Time is in decaauts)
 A = Elapsed time spent in this place.
 B = Non-inter-level travel time spent in this place.
 C = Inter-level travel time spent in this place.
 D = Time resting spent in this place.
 E = Time spent auto-exploring this place.
 F = Levels seen in this place.
 G = Mean time per level.
                   A        B        C        D        E       F      G
               +--------+--------+--------+--------+--------+-----+--------+
         Total |  19396 |  18482 |    914 |   5344 |  10906 |  14 | 1385.4 |
       Dungeon |  18701 |  17823 |    878 |   5022 |  10634 |  12 | 1558.4 |
        Temple |    431 |    396 |     35 |    322 |     50 |   1 |  431.0 |
          Lair |    263 |    263 |      0 |      0 |    222 |   1 |  263.0 |
               +--------+--------+--------+--------+--------+-----+--------+

Top non-repeatable levels by time:
     D:7: 2908 daAuts
     D:8: 2295 daAuts
     D:6: 1965 daAuts
     D:4: 1828 daAuts
     D:3: 1687 daAuts
     D:9: 1610 daAuts
     D:2: 1605 daAuts
     D:5: 1552 daAuts
    D:11: 1103 daAuts
     D:1: 1038 daAuts
    D:10: 1035 daAuts
  Temple: 431 daAuts
  Lair:1: 263 daAuts
    D:12: 69 daAuts
